[Event "USA Championship Women 2022"]
[Site "Saint Louis"]
[Date "2022.10.05"]
[Round "1.1"]
[White "Zatonskih, Anna"]
[Black "Yu, Jennifer"]
[Result "0-1"]
[ECO "E20"]
[WhiteElo "2368"]
[BlackElo "2297"]
[Annotator "TA"]
[PlyCount "168"]
[EventDate "2022.09.05"]
[EventType "tourn"]
[EventCountry "USA"]
[SourceTitle "playchess.com"]
[Source "ChessBase"]
[SourceQuality "1"]
[TimeControl "40/5400+30:1800+30"]

1. d4 Nf6 2. c4 e6 3. Nc3 Bb4 4. Bd2 O-O 5. a3 Bxc3 6. Bxc3 d5 {[%emt 0:00:13] E20: Nimzo-Indian: 4 g3 and 4 f3.} 7. e3 b6 8. Nf3 Bb7 {[%emt 0:04:21] The position is equal.} 9. Be2 Ne4 10. Rc1 Nd7 11. O-O Rc8 12. b4 Nxc3 13. Rxc3 c5 {[%emt 0:00:03] [#]} 14. cxd5 $146 ({Predecessor:} 14. bxc5 bxc5 15. cxd5 Bxd5 16. dxc5 Rxc5 17. Rxc5 Nxc5 18. Qc2 Qa5 19. Qb2 Ne4 20. Rc1 {1-0 (32) Strifler,J (2014)-Sasaeac,A (2022) Gyula 2001}) 14... Bxd5 15. dxc5 (15. bxc5 {keeps more tension.} bxc5 16. Qd2 Bxf3 17. Bxf3 Nb6 18. Rd1) 15... bxc5 16. Qc2 cxb4 17. axb4 Rxc3 18. Qxc3 Qb8 19. Rc1 Nf6 20. Nd4 Ne4 21. Qa3 h6 22. b5 Rc8 23. Nc6 Bxc6 24. bxc6 Qb6 25. Bd3 Nf6 26. Qa4 Nd5 27. Qa6 (27. Be4 $14) 27... Qxa6 $11 28. Bxa6 {[%emt 0:00:01][%mdl 4096] Endgame KRB-KRN} Rc7 29. Kf1 Kf8 30. e4 Nb4 31. Bb5 Ke7 32. Ke2 Kd6 33. Rd1+ Kc5 34. Ba4 Nxc6 35. Bxc6 Kxc6 $17 {[%emt 0:00:05] KR-KR} ({Don't play} 35... Rxc6 $6 36. Rd7 $11) 36. Rc1+ Kd7 37. Ra1 Kd6 38. Ke3 Kc5 39. Rc1+ Kb6 $1 40. Rb1+ Ka5 41. Ra1+ Kb4 42. Rb1+ Ka3 43. Ra1+ Kb2 44. Ra5 Kb3 45. Ra1 Rd7 46. h4 e5 ({Black should try} 46... Kb4 $17 {...a5 is the strong threat.} 47. Rb1+ Kc5 48. Rc1+ Kb5 49. Rb1+ Kc6) 47. h5 (47. g4 $15 {is superior.}) 47... Kb4 48. Rb1+ Kc5 49. Rc1+ Kd6 (49... Kb5 $17 {aiming for ...a5.} 50. Rb1+ Kc6) 50. Ra1 $15 Rb7 51. g3 Kc6 {[%emt 0:03:01] Threatens to win with ...Rb3+.} (51... Kc5 $5 52. f4 Rb3+ 53. Kd2 f6 54. fxe5 fxe5 55. Ra5+ Kb6 56. Rxe5 Rxg3 57. Re6+ Kb5 $17) 52. Rc1+ $2 (52. f4 $11) 52... Kb6 $1 $19 53. Rb1+ Kc7 54. Rc1+ Kb8 $1 55. Ra1 Rb3+ 56. Kd2 Kb7 57. Ra5 f6 58. Rd5 Kc6 {[%emt 0:00:08] Prevents Rd7.} 59. Rd8 Rb7 (59... a5 $19 60. Rg8 Rb2+ 61. Kc3 Rxf2 62. Rxg7 Rf3+ 63. Kb2 Kc5) 60. Kc3 $17 a5 61. f4 (61. Rd5 $17) 61... exf4 (61... Re7 $1 $19 {is more deadly. Strongly threatening ...exf4.} 62. Rg8 exf4 63. gxf4 a4 64. Rc8+ Rc7) 62. gxf4 Re7 63. Rd4 Ra7 {[%emt 0:00:29] And now ...a4 would win.} 64. Kb3 $2 (64. Rd1 $17) 64... a4+ 65. Ka3 Kc5 $2 {[%emt 0:00:05] Prevents Rc4+.} (65... Ra5 $19 66. f5 Ra7) 66. Rb4 $1 $11 Rd7 {[%emt 0:00:39] White must now prevent ...Rd3+.} 67. Rxa4 Rb7 68. e5 (68. Ka2 $1 $11 {remains equal.}) 68... fxe5 $17 69. fxe5 Kd5 70. Rg4 Kxe5 71. Rg6 Kd4 72. Ka4 Ke3 73. Ka5 Kf3 74. Ka4 Re7 75. Kb3 Re3+ 76. Kc4 {[%emt 0:00:35] [#]} Re4+ $1 77. Kd5 $2 (77. Kd3 $17) 77... Rg4 $19 78. Ke6 {[%emt 0:00:19] [#]} Rg5 $1 79. Rxg5 hxg5 {[%emt 0:00:04] KPP-KP. Black mates.} 80. Kf5 g4 81. Kg6 g3 82. Kxg7 g2 83. h6 g1=Q+ 84. Kh8 Qd4+ {[%emt 0:00:05] Weighted Error Value: White=0.15 (very precise) /Black=0.08 (flawless)} 0-1

[Event "USA Championship Women 2022"]
[Site "Saint Louis"]
[Date "2022.10.05"]
[Round "1.2"]
[White "Abrahamyan, Tatev"]
[Black "Krush, Irina"]
[Result "1/2-1/2"]
[ECO "B42"]
[WhiteElo "2308"]
[BlackElo "2432"]
[Annotator "TA"]
[PlyCount "86"]
[EventDate "2022.09.05"]
[EventType "tourn"]
[EventCountry "USA"]
[SourceTitle "playchess.com"]
[Source "ChessBase"]
[SourceQuality "1"]
[TimeControl "40/5400+30:1800+30"]

1. e4 c5 2. Nf3 e6 3. d4 cxd4 4. Nxd4 a6 5. Bd3 Bc5 6. Nb3 Ba7 7. Nc3 Nc6 8. Qe2 d6 9. Be3 b5 10. O-O-O {[%emt 0:04:34] B42: Sicilian: Kan Variation: 5 Bd3.} Nge7 11. f4 b4 12. Nb1 a5 13. Bb5 O-O {[%emt 0:01:02][%cal Oa5a4] [#]} 14. Nd4 $146 (14. a4 $15) ({Predecessor:} 14. a4 Qc7 15. g4 Bxe3+ 16. Qxe3 Na7 17. Nd4 Qc5 18. Rhe1 Bb7 19. Bd3 e5 20. fxe5 dxe5 {1-0 (60) Vega Gutierrez,S (2385)-Cramling,P (2454) Mulhouse 2022}) 14... Nxd4 15. Bxd4 a4 ({Better is} 15... Bxd4 $17 16. Rxd4 Qb6) 16. a3 $11 bxa3 17. Nxa3 Bxd4 18. Rxd4 Qb6 19. Rhd1 ({But not} 19. Rxa4 Rxa4 20. Bxa4 d5 $11) 19... d5 20. Rxa4 Rxa4 21. Bxa4 Ba6 22. Qf3 ({White should try} 22. Qd2 $11) 22... Qb4 $36 {[%emt 0:07:52][%csl LRa4,LRe4][%mdl 2048] Black fights for an advantage.} 23. Bb3 dxe4 24. Qf2 Rc8 (24... Qb7 $15) 25. Qd4 $11 {[%emt 0:07:50] White threatens Qd8+ and mate.} Nc6 {[%emt 0:07:42][%cal Be7c6,Bc6b4,Bb4d3,Bd3f4,Bf4g2][%mdl 32] Against Qd8+} (25... Qxb3 $2 {is a self mate.} 26. Qd8+ $3 Rxd8 27. Rxd8# (27. cxb3 $2 {perishes.} Bd3 $19)) 26. Qxb4 Nxb4 27. Rd4 Nd3+ 28. Kb1 (28. Kd2 $11 Nxf4 29. g3) 28... Nxf4 $17 {[%emt 0:03:39] Hoping for ...Bb7.} 29. Rxe4 Nxg2 30. Nc4 Rd8 {[%emt 0:06:37] Prevents Nd6.} 31. Ne5 Bb7 (31... Rd1+ $17 32. Ka2 Re1 33. Rxe1 Nxe1) 32. Rb4 $11 Ba8 33. Ra4 Bd5 34. Bxd5 exd5 {[%emt 0:00:02][%mdl 4096] Endgame KRN-KRN} 35. Nc6 Re8 {[%emt 0:00:23] aiming for ...f5.} 36. b4 {[%emt 0:00:39] [#]} (36. Ne7+ $11 Kf8 37. Nxd5) 36... Ne3 $2 (36... f5 $1 $17 {and life is bright. White must now prevent ...f4.} 37. b5 f4) 37. b5 $16 {[%emt 0:00:21] And now b6 would win.} Nc4 {[%emt 0:00:14] [#]} 38. Ne7+ Kf8 39. Nxd5 Rd8 40. Nc3 Rc8 41. Nd5 {[%emt 0:10:15] Strongly threatening b6.} Rd8 $1 42. Nc3 Rc8 43. Nd5 {[%emt 0:00:11] Threatens to win with b6.} Rd8 $1 {[%emt 0:01:21] Weighted Error Value: White=0.24 (precise) /Black=0.29 (precise)} 1/2-1/2

[Event "USA Championship Women 2022"]
[Site "Saint Louis"]
[Date "2022.10.05"]
[Round "1.3"]
[White "Foisor, Sabina-Francesca"]
[Black "Paikidze, Nazi"]
[Result "1/2-1/2"]
[ECO "E14"]
[WhiteElo "2203"]
[BlackElo "2354"]
[Annotator "TA"]
[PlyCount "81"]
[EventDate "2022.09.05"]
[EventType "tourn"]
[EventCountry "USA"]
[SourceTitle "playchess.com"]
[Source "ChessBase"]
[SourceQuality "1"]
[TimeControl "40/5400+30:1800+30"]

1. d4 Nf6 2. Nf3 e6 3. e3 b6 4. Bd3 Bb7 5. b3 Be7 6. Bb2 c5 7. O-O O-O 8. Nbd2 d6 9. Qe2 Nbd7 10. c4 Re8 11. Rac1 {[%emt 0:05:14] E14: Queen's Indian: Classical Variation (4 e3).} Bf8 12. Bb1 e5 {[%emt 0:07:00] [#] ...exd4 is the strong threat.} 13. d5 $146 ({Predecessor:} 13. dxe5 dxe5 14. Rfd1 Qc7 15. Nf1 Rad8 16. e4 Qc6 17. Ng3 Qe6 18. Bc3 g6 19. Qb2 Bh6 {½-½ (34) Horak,J (2029)-Pecka,J (1610) Ricany 2020}) 13... b5 14. h4 g6 15. g3 Bg7 16. e4 a6 17. Bd3 b4 18. Ng5 Nh5 19. Rce1 Bc8 20. Qf3 Rf8 21. Qg2 h6 22. Nh3 f5 (22... Ndf6 $15) 23. f4 Ra7 24. exf5 (24. Bc2 $11) 24... gxf5 $17 25. Be2 {[%emt 0:01:36] [#] Black must now prevent fxe5.} Qe8 ({Black should play} 25... e4 $17 26. Bxg7 (26. Nxe4 $2 fxe4 27. Bxg7 Nxg7 $19) 26... Nxg7) 26. g4 Nxf4 (26... fxg4 $2 27. Bxg4 Ndf6 28. Bxc8 Qxc8 29. fxe5 dxe5 30. Bxe5 $18) 27. Nxf4 exf4 28. Bxg7 (28. gxf5 $11 Ne5 29. Ne4 (29. Rxf4 Bxf5 30. Ne4 Bxe4 $11)) 28... Kxg7 (28... Qe3+ $2 29. Kh1 Kxg7 30. Bf3 $18) 29. gxf5+ Kh8 30. Qe4 Ne5 31. Rxf4 Bxf5 32. Rxf5 $11 Qg6+ 33. Bg4 $1 Rg8 34. Rf4 Qh5 35. Nf3 Nxg4 36. Kf1 Rag7 37. Re2 Ne5 {[%emt 0:00:58] [#] Threatens to win with ...Nxf3.} 38. Re3 ({Don't blunder} 38. Nxe5 $2 Rg1+ 39. Kf2 R8g2+ 40. Qxg2 Rxg2+ 41. Kxg2 Qxe2+ 42. Rf2 Qxe5 $19) (38. Rf5 $11 Qg6 39. Ke1) 38... Ng4 $2 (38... Nxf3 $19 39. Qxf3 Qg6) 39. Re2 Ne5 $2 (39... Rf7 $11) 40. Re3 $19 ({Wrong is} 40. Nxe5 $2 Rg1+ 41. Kf2 R8g2+ 42. Qxg2 Rxg2+ 43. Kxg2 Qxe2+ 44. Rf2 Qxe5 $19) 40... Ng4 $2 ({Better is} 40... Nxf3 $19 41. Qxf3 Qg6) 41. Re2 {[%emt 0:04:58] Weighted Error Value: White=0.35/Black=0.42} 1/2-1/2

[Event "USA Championship Women 2022"]
[Site "Saint Louis"]
[Date "2022.10.05"]
[Round "1.4"]
[White "Lee, Megan"]
[Black "Wu, Rochelle"]
[Result "1-0"]
[ECO "B40"]
[WhiteElo "2226"]
[BlackElo "2317"]
[Annotator "TA"]
[PlyCount "89"]
[EventDate "2022.09.05"]
[EventType "tourn"]
[EventCountry "USA"]
[SourceTitle "playchess.com"]
[Source "ChessBase"]
[SourceQuality "1"]
[TimeControl "40/5400+30:1800+30"]

1. e4 c5 2. Nf3 e6 3. d4 cxd4 4. Nxd4 Nf6 5. Bd3 Nc6 6. c3 d5 7. Nxc6 {[%emt 0:10:46] The main line 7.Nxc6 scores better than 7.exd5.} bxc6 8. Qe2 {[%emt 0:04:30] B40: Sicilian: 2...e6, Unusual lines.} Nxe4 9. Bxe4 dxe4 10. Qxe4 {[%emt 0:03:05] Black is slightly better.} Qd5 11. Nd2 Ba6 {[%emt 0:01:41] [#]} 12. Qxd5 $146 ({Predecessor:} 12. b3 Be7 13. c4 Qxe4+ 14. Nxe4 f5 15. Ng5 O-O-O 16. Nf7 Bf6 17. Rb1 c5 18. Bb2 {1-0 (41) Foukal,J-Olsar,Z (2065) Valasska Bystrice 2009}) 12... cxd5 13. Nb3 Rb8 14. Bf4 Rc8 15. O-O-O Be7 16. Rhe1 O-O 17. Kc2 Rfd8 18. Be3 Rd7 19. Bd4 Bc4 20. Nd2 ({White should try} 20. a4 $11) 20... Bb5 $15 ({Don't play} 20... Bxa2 21. Ra1 Bc4 22. Nxc4 Rxc4 23. Rxa7 Rxa7 24. Bxa7 $11) 21. f4 Rc6 (21... Rb7 $15) 22. Ra1 $11 f6 23. a4 Ba6 24. Rab1 (24. Nf3 $14) 24... Rb7 ({Black should play} 24... Bb4 $1 $11) 25. Nb3 $1 $14 {[%emt 0:03:21] Strongly threatening Na5.} Rbc7 26. Na5 {[%emt 0:00:54] Inhibits Rc4.} Rd6 {[%emt 0:00:06] [#]} 27. b4 $1 Bc8 28. b5 {[%emt 0:00:33] Against Ra6} Bd7 29. Kb2 {[%emt 0:01:18] White has more active pieces.} Kf7 30. Nb3 Be8 31. Re2 (31. Kc2 $14) 31... Rc4 $11 32. Ra1 a6 33. Nd2 {[%emt 0:00:50] [#]} (33. Bc5 $11 {remains equal.}) 33... Rxd4 $4 34. cxd4 $18 axb5 35. axb5 (35. a5 $18) 35... Bxb5 $16 36. Re3 Rd7 37. Ra5 Bc6 38. Ra6 $36 {[%emt 0:00:21][%mdl 2048] White is really pushing.} Rb7+ 39. Rb3 Rxb3+ 40. Nxb3 {[%emt 0:00:31] KRN-KB} Bb5 41. Ra7 Bf1 42. g3 Bh3 43. Na5 {[%emt 0:00:00] Hoping for Nc6.} Kf8 $2 (43... Ke8 $16) 44. Nc6 $18 Bd6 45. Rd7 {[%emt 0:00:00] Weighted Error Value: White=0.19 (very precise) /Black=0.28 (precise)} 1-0

[Event "USA Championship Women 2022"]
[Site "Saint Louis"]
[Date "2022.10.05"]
[Round "1.5"]
[White "Eswaran, Ashritha"]
[Black "Lee, Alice"]
[Result "0-1"]
[ECO "A11"]
[WhiteElo "2365"]
[BlackElo "2263"]
[Annotator "TA"]
[PlyCount "74"]
[EventDate "2022.09.05"]
[EventType "tourn"]
[EventCountry "USA"]
[SourceTitle "playchess.com"]
[Source "ChessBase"]
[SourceQuality "1"]
[TimeControl "40/5400+30:1800+30"]

1. c4 c6 2. Nf3 d5 3. e3 Nf6 4. Nc3 e6 5. b3 Nbd7 6. Bb2 Bd6 7. Qc2 O-O 8. Rg1 {[%emt 0:01:03] A11: English Opening: 1...c6.} Re8 9. g4 Nf8 (9... g6 $11) 10. g5 $16 {[%emt 0:05:02] White is better.} N6d7 11. h4 {[%emt 0:01:50][%cal Bh2h4,Bh4h5][%mdl 32] [#]} a6 $146 ({Predecessor:} 11... f5 12. h5 a6 13. cxd5 cxd5 14. Nd4 Nc5 15. f4 b5 16. h6 Ng6 17. hxg7 b4 18. Nxf5 bxc3 {1-0 (45) Castrillon Gomez,M (2212)-Salcedo,J (2020) Cali 2021}) 12. h5 b5 13. Bd3 {[%emt 0:10:24][%cal Od3h7] And now Bxh7+! would win.} Bb7 {[%emt 0:09:43] [#]} (13... g6 $14) 14. g6 $2 (14. Bxh7+ $1 $18 Nxh7 15. g6 fxg6 16. Nxb5 $1 (16. Qxg6 $2 Qf6 $17)) 14... fxg6 $11 15. Ng5 {[%emt 0:07:31] [#]} (15. cxb5 axb5 16. hxg6 h6 $17) (15. O-O-O $11) 15... bxc4 (15... gxh5 16. Bxh7+ Nxh7 17. Qxh7+ Kf8 18. Qh8+ Ke7 19. Qxg7#) (15... h6 $1 $17 16. Nf7 Kxf7 17. Bxg6+ Ke7 18. Bxe8 Kxe8 19. Rxg7 bxc4 20. bxc4 Qh4) 16. bxc4 $15 h6 $1 (16... gxh5 {gets mated.} 17. Bxh7+ Nxh7 18. Qxh7+ Kf8 19. Qh8+ Ke7 20. Qxg7#) 17. Nf7 {[%emt 0:01:45][%mdl 64] Decoy} Kxf7 18. Bxg6+ Ke7 ({But not} 18... Kg8 19. Bxe8 Ne5 {[#]} 20. O-O-O $1 $16) 19. Bxe8 Qxe8 20. Rxg7+ Kd8 21. Qa4 {[%emt 0:05:57] Black keeps a firm grip on the game.} (21. Rb1 $15) 21... Qxh5 {[%emt 0:02:55][%cal Od7e5] aiming for ...Ne5! Chess con chili.} 22. cxd5 exd5 23. Qa5+ $2 (23. Ba3 $17 c5 24. Qg4 Qh1+ 25. Qg1 Qxg1+ 26. Rxg1) 23... Ke8 $19 24. Ba3 $2 (24. d4) 24... c5 ({Don't blunder} 24... Bxa3 $2 25. Qxa3 c5 26. Qb3 $19) 25. Rb1 d4 26. exd4 (26. Rxb7 $142 Qh1+ 27. Ke2 Qxb7 28. exd4) 26... Qh1+ 27. Ke2 Bf3+ {[%emt 0:00:05] This bishop pair is nice.} 28. Kd3 {[%emt 0:00:46] [#]} Be4+ $1 29. Nxe4 (29. Kc4 Bxb1) 29... Qxb1+ 30. Ke3 cxd4+ 31. Kxd4 Ne6+ {[%emt 0:01:11] Black mates.} 32. Ke3 Bf4+ 33. Kf3 Ne5+ 34. Ke2 Qxe4+ 35. Kd1 Nxg7 36. Qc5 Qf3+ 37. Kc2 Qc6 {[%emt 0:00:06] Weighted Error Value: White=1.04/Black=0.14 (very precise)} (37... Qd3+ $142 38. Kc1 Bxd2+ 39. Kb2 Rb8+ 40. Bb4 Rxb4+ 41. Qxb4 Bxb4 42. a3 Nc4+ 43. Ka2 Qxa3+ 44. Kb1 Qb2#) 0-1

[Event "USA Championship Women 2022"]
[Site "Saint Louis"]
[Date "2022.10.05"]
[Round "1.6"]
[White "Tokhirjonova, Gulrukhbegim"]
[Black "Morris-Suzuki, Sophie"]
[Result "1-0"]
[ECO "B52"]
[WhiteElo "2336"]
[BlackElo "2126"]
[Annotator "TA"]
[PlyCount "73"]
[EventDate "2022.09.05"]
[EventType "tourn"]
[EventCountry "USA"]
[SourceTitle "playchess.com"]
[Source "ChessBase"]
[SourceQuality "1"]
[TimeControl "40/5400+30:1800+30"]

1. e4 c5 2. Nf3 d6 3. Bb5+ Bd7 4. a4 Nc6 5. O-O Nf6 6. Re1 a6 7. Bf1 {[%emt 0:11:11] B52: Sicilian: Moscow Variation with 3...Bd7.} Bg4 8. h3 Bh5 9. g4 {[%emt 0:03:07] The position is equal.} Bg6 10. Nc3 {[%emt 0:03:24] [#]} e6 $146 ({Predecessor:} 10... e5 11. d3 Be7 12. Bg2 Nd4 13. Nd2 h5 14. Nc4 hxg4 15. hxg4 Ne6 16. Nd5 Kf8 {0-1 (31) Suleymanli,A (2537)-Mamedov,R (2656) Chess.com INT 2022}) 11. Bg2 Be7 12. d4 cxd4 13. Nxd4 Nxd4 14. Qxd4 O-O 15. Be3 Nd7 16. Qd2 Nb6 17. b3 {[%emt 0:03:01] Against Nc4} Rc8 18. a5 Nd7 19. Na4 d5 {[%emt 0:09:47] [#]} (19... h5 $11 {remains equal.}) 20. Rad1 $1 $16 Rc7 {[%emt 0:02:25] Against c4} 21. Nb6 {[%emt 0:16:19] aiming for f4.} Nf6 22. exd5 {[%emt 0:03:48] White is more active.} Rxc2 23. Qd4 {[%emt 0:00:20] Hoping for d6.} Nxd5 24. Bxd5 ({Better is} 24. Nxd5 $16 exd5 25. Qxd5) 24... exd5 $11 25. Nxd5 Bf6 {[%emt 0:02:53] [#] A mistake that costs the game.} (25... Bh4 $11) 26. Qf4 $1 $18 Bh4 (26... Qb8 $142) 27. g5 Qxa5 $2 (27... Bxg5 28. Qxg5 Qxg5+ 29. Bxg5 h6) 28. Qxh4 {[%emt 0:00:46] Ne7+ is the strong threat.} Re8 {[%emt 0:00:12] [#] Inhibits Ne7+.} 29. Bd2 $1 Qb5 30. Rxe8+ Qxe8 31. Re1 Qd7 32. Ne7+ {[%emt 0:00:52] White mates.} Kh8 33. Nxg6+ fxg6 {[%emt 0:00:01] [#]} 34. Qd4 $3 Qc8 {[%emt 0:00:39] [#]} 35. Bc3 $1 Qf8 {[%emt 0:00:41] [#]} (35... Rxc3 36. Qxc3) 36. Qxg7+ $1 Qxg7 37. Re8# {[%emt 0:00:05] Weighted Error Value: White=0.05 (flawless) /Black=0.49} 1-0

[Event "USA Championship Women 2022"]
[Site "Saint Louis"]
[Date "2022.10.05"]
[Round "1.7"]
[White "Cervantes Landeiro, Thalia"]
[Black "Yan, Ruiyang"]
[Result "1/2-1/2"]
[ECO "D37"]
[WhiteElo "2272"]
[BlackElo "2220"]
[Annotator "TA"]
[PlyCount "94"]
[EventDate "2022.09.05"]
[EventType "tourn"]
[EventCountry "USA"]
[SourceTitle "playchess.com"]
[Source "ChessBase"]
[SourceQuality "1"]
[TimeControl "40/5400+30:1800+30"]

1. d4 Nf6 2. c4 e6 3. Nf3 a6 4. Nc3 d5 5. cxd5 exd5 6. Bg5 {[%emt 0:00:40] D37: Queen's Gambit Declined: 5 Bf4.} Be6 7. e3 Nbd7 8. Bd3 {[%emt 0:01:48] White has an edge.} Bd6 9. Qc2 c6 10. Bf4 Qc7 11. Bxd6 Qxd6 12. h3 O-O 13. O-O Rfe8 14. Rac1 a5 {[%emt 0:06:15] [#]} 15. Na4 $146 ({Predecessor:} 15. b3 h6 16. Rfd1 Rac8 17. Qb2 Qe7 18. Ne5 g6 19. Nf3 Nh5 20. Re1 {½-½ (31) Elyoseph,H (2428)-Schmidt,T (2425) ICCF email 2018}) 15... Ne4 16. Nc5 Ndxc5 17. dxc5 Qc7 18. Nd4 {[%emt 0:04:43] Prevents Bf5.} Bd7 19. b3 h6 20. a3 f5 21. Ne2 Qe5 22. Rb1 Qe7 23. b4 axb4 24. axb4 Ra3 25. Bxe4 Qxe4 26. Qxe4 Rxe4 27. Nd4 Ra4 28. b5 f4 29. bxc6 Bxc6 (29... bxc6 {feels hotter.} 30. Ne2 fxe3 31. Nc3 exf2+ 32. Kh2 Rab4) 30. Rb6 fxe3 31. fxe3 Rxe3 32. Nxc6 bxc6 33. Rxc6 $11 {[%emt 0:00:11][%mdl 4096] Endgame KRR-KRR} Ra2 34. Rf4 Rg3 35. Rc8+ Kh7 36. Rf2 {[%emt 0:00:12] The position is equal.} Rxf2 37. Kxf2 {[%emt 0:00:06] KR-KR} Rc3 38. c6 h5 39. c7 d4 40. Rd8 Rxc7 41. Rxd4 Rc5 42. Kf3 Kg6 43. Kf4 Rf5+ 44. Kg3 Rg5+ 45. Kf3 Rf5+ 46. Kg3 Rg5+ 47. Kf3 Rf5+ {[%emt 0:00:03] Weighted Error Value: White=0.06 (flawless) /Black=0.03 (flawless)} 1/2-1/2

[Event "USA Championship Women 2022"]
[Site "Saint Louis"]
[Date "2022.10.06"]
[Round "2.1"]
[White "Paikidze, Nazi"]
[Black "Lee, Megan"]
[Result "0-1"]
[ECO "C45"]
[WhiteElo "2354"]
[BlackElo "2226"]
[Annotator "TA"]
[PlyCount "56"]
[EventDate "2022.09.05"]
[EventType "tourn"]
[EventCountry "USA"]
[SourceTitle "playchess.com"]
[Source "ChessBase"]
[SourceQuality "1"]
[TimeControl "40/5400+30:1800+30"]

1. e4 e5 2. Nf3 Nc6 3. d4 exd4 4. Nxd4 Nf6 5. Nxc6 bxc6 6. e5 Qe7 7. Qe2 Nd5 8. h4 Qe6 {[%emt 0:06:11] C45: Scotch Game.} 9. Nd2 {[%emt 0:00:17] 9.Nd2 is better than 9.g3.} Nb4 10. Nf3 Ba6 {[%emt 0:04:32] The position is equal.} 11. c4 $1 {[%emt 0:03:30] next Nd4 is good for White.} c5 {[%emt 0:16:09] Inhibits Nd4.} 12. a3 Nc6 13. Bd2 {[%emt 0:01:15] [#]} h6 $146 ({Predecessor:} 13... Be7 14. Bc3 Rb8 15. Rh3 O-O 16. O-O-O f6 17. Rg3 fxe5 18. Nxe5 Nd4 19. Bxd4 cxd4 20. Rxd4 {½-½ (44) Vasquez,F (2029)-Sanner,Z (2120) FICGS email 2008}) 14. Bc3 O-O-O 15. g3 Be7 16. Nd2 Rhe8 (16... Nd4 $11 17. Bxd4 cxd4) 17. Bh3 $14 f5 18. Bg2 {[%emt 0:00:40] [#]} ({Better is} 18. O-O-O $1 $14) 18... Nxe5 $1 $15 {[%emt 0:02:49] ...Nd3+ is the strong threat.} 19. Bxe5 {[%emt 0:14:55] Black must now prevent 0-0-0.} ({Much weaker is} 19. Qxe5 Qxe5+ 20. Bxe5 Bf6 $17) (19. O-O Nxc4) 19... Bf6 $1 20. f4 {[%emt 0:01:41] [#]} (20. O-O $17 Qxe5 21. Qf3 (21. Qxe5 Bxe5 22. Rab1 f4 $17)) 20... d6 $1 $19 21. O-O $2 (21. Bc6 {was necessary.}) 21... dxe5 22. Rfe1 e4 23. Rab1 Qd7 24. Nb3 (24. Nf1 {is a better defense.}) 24... Qd3 25. Na5 Qxg3 {[%emt 0:00:27] Threatens to win with ...Bd4+.} 26. Nc6 Rd6 27. Ne5 Qxf4 28. Nf3 {[%emt 0:00:47] [#]} Red8 {[%emt 0:00:21] Weighted Error Value: White=0.99/Black=0.17 (very precise)} (28... exf3 $142 $1 29. Qxe8+ Rd8 30. Re4 Bd4+ 31. Kh1 Qg3 32. Qxd8+ Kxd8 33. Rxd4+ cxd4 34. Bxf3 Qxf3+ 35. Kh2 Qf2+ 36. Kh3 Bc8 37. Rg1 f4+ 38. Rg4 Qg3#) 0-1

[Event "USA Championship Women 2022"]
[Site "Saint Louis"]
[Date "2022.10.06"]
[Round "2.2"]
[White "Morris-Suzuki, Sophie"]
[Black "Cervantes Landeiro, Thalia"]
[Result "1/2-1/2"]
[ECO "B56"]
[WhiteElo "2126"]
[BlackElo "2272"]
[Annotator "TA"]
[PlyCount "67"]
[EventDate "2022.09.05"]
[EventType "tourn"]
[EventCountry "USA"]
[SourceTitle "playchess.com"]
[Source "ChessBase"]
[SourceQuality "1"]
[TimeControl "40/5400+30:1800+30"]

1. e4 c5 2. Nf3 d6 3. d4 cxd4 4. Nxd4 Nf6 5. Nc3 Bd7 6. Bg5 e6 7. Ndb5 {[%emt 0:08:07] B56: Classical Sicilian: Unusual Lines.} Bxb5 8. Bxb5+ Nc6 9. Qf3 {[%emt 0:01:13][%cal Oe4e5] [#] aiming for e5!} Be7 10. e5 dxe5 $1 {[%emt 0:00:17][%mdl 4] now scores much better than the old 10...Nd5.} 11. Bxc6+ ({Much worse is} 11. Rd1 Qc7 $15) 11... bxc6 12. Qxc6+ Kf8 $1 13. O-O Qc8 14. Qf3 Rb8 15. Rab1 h6 16. Bh4 {[%emt 0:00:41] [#]} Rb4 $146 (16... g5 $5 17. Bg3 $8 Nd7 $11) ({Predecessor:} 16... g5 17. Bg3 Nd7 18. Rfd1 f6 19. Ne4 Kg7 20. c4 Nc5 21. Nd6 Bxd6 22. Rxd6 Qb7 {1-0 (53) Zlebcik,L (2488)-Gildred,T (2400) ICCF email 2009}) 17. Bg3 e4 18. Qe2 Qc6 19. Rfd1 Kg8 20. Be5 Kh7 21. Rd4 Nd7 22. a3 {[%emt 0:03:21] [#] And now Rxd7 would win.} Rxd4 23. Bxd4 Bf6 24. Qe3 a6 25. Bxf6 Nxf6 26. Qd4 Rb8 27. h3 Rb7 28. Qa4 Rc7 29. Qxc6 Rxc6 30. Rd1 Rb6 31. Na4 Rc6 32. Nc3 Rb6 33. Na4 Rc6 34. Nc3 {[%emt 0:00:24] Weighted Error Value: White=0.08 (flawless) /Black=0.05 (flawless)} (34. Rc1 $14) 1/2-1/2